 Dungeon Crawl Stone Soup version 0.24.0-13-gcf9b3192b9 (webtiles) character file.

Game seed: 15810746509712375598, levelgen mode: deterministic

429 Kobob the Conjurer (level 6, 0/45 HPs)
             Began as a Demigod Conjurer on Nov 7, 2019.
             Succumbed to a worker ant's poison
             ... on level 3 of the Dungeon.
             The game lasted 00:17:46 (4031 turns).

Kobob the Conjurer (Demigod Conjurer)               Turns: 4031, Time: 00:17:46

Health: 0/45       AC:  4    Str: 11    XL:     6   Next: 38%
Magic:  8/15       EV: 12    Int: 28    God:
Gold:   177        SH:  4    Dex: 16    Spells: 12/13 levels left

rFire    + . .     SeeInvis .   n - +0 whip (flame)
rCold    . . .     Gourm    .   (no shield)
rNeg     . . .     Faith    .   i - +1 robe (curse)
rPois    .         Spirit   .   (no helmet)
rElec    .         Reflect  .   (no cloak)
rCorr    .         Harm     .   g - +0 pair of gloves
MR       .....                  (no boots)
Stlth    ++........             (no amulet)
HPRegen  0.15/turn              (no ring)
MPRegen  0.14/turn              (no ring)

@: brilliant, lethally poisoned (0 -> -15)
A: large bone plates 1, fire resistance 1, high mp 1
a: no special abilities


You were on level 3 of the Dungeon.
You were not hungry.

You visited 1 branch of the dungeon, and saw 4 of its levels.

You collected 177 gold pieces.

Inventory:

Hand Weapons
 e - a +0 short sword
 n - a +0 whip of flaming (weapon)
Armour
 a - a +0 robe
 g - a +0 pair of gloves (worn)
 i - a cursed +1 robe (worn)
Scrolls
 d - a scroll of amnesia
 h - a scroll of identify
 j - a scroll of blinking
 l - a scroll of enchant armour
 o - a scroll of enchant weapon {unknown}
 p - a scroll of teleportation {unknown}
 q - 3 scrolls of remove curse {unknown}
Potions
 m - a potion of flight
Comestibles
 b - a chunk of flesh
 c - 8 rations


   Skills:
 - Level 1.7 Dodging
 - Level 1.7 Stealth
 + Level 4.4 Spellcasting
 + Level 5.8 Conjurations


You had 12 spell levels left.
You knew the following spells:

 Your Spells              Type           Power        Failure   Level  Hunger
a - Magic Dart            Conj           ####         1%          1    None

Your spell library contained the following spells:

 Spells                   Type           Power        Failure   Level  Hunger
 Searing Ray              Conj           ######       1%          2    None
 Dazzling Spray           Conj/Hex       #####.       1%          3    ##.....
 Iskenderun's Mystic Bla  Conj           ######..     1%          4    ####...
 Force Lance              Conj/Tloc      #####...     2%          4    ####...
 Fulminant Prism          Conj/Hex       #####.....   2%          4    ####...


Dungeon Overview and Level Annotations

Branches:
Dungeon (4/15)             Temple (0/1) D:4


Innate Abilities, Weirdness & Mutations

You have an increased reservoir of magic. (+10% MP)
You are partially covered in large bone plates. (SH +4)
Your flesh is heat resistant. (rF+)


Message History

Confirm with . or Enter, or press ? or * to list all spells.
You can't see any susceptible monsters within range! (Use Z to cast anyway.)
There is a lethal amount of poison in your body!
There is a lethal amount of poison in your body!
Okay, then.
It was a potion of brilliance.
You feel clever all of a sudden.
* * * LOW HITPOINT WARNING * * *
You feel sick.
* * * LOW HITPOINT WARNING * * *
You feel sick.
* * * LOW HITPOINT WARNING * * *
You feel sick.
* * * LOW HITPOINT WARNING * * *
You feel sick.
* * * LOW HITPOINT WARNING * * *
You feel sick.
* * * LOW HITPOINT WARNING * * *
You feel sick.
You die...

##..##..##..## #.### #....
##.##.##....## ##.#####....
##.......##..########..##.....##
##.)...######.##.....#.....#####
...##...# #.#...>.........##
..###.#.# #................# ..#
#.#.# ##...............# ..#
#.#.# ####...............# ..#
#.#.###.....@...>........#
..###.#........>.............#
####..........).............##
##...##.............#.....##
##..###..............#######
................[....#
...<###..............############
##### #.........[................
# #..............############


There were no monsters in sight!

Vanquished Creatures
  An ogre (D:4)
  Jessica (D:3)
  An orc wizard (D:3)
  4 worker ants
  8 adders
  5 river rats (D:3)
  4 worms
  3 dart slugs
  3 orcs
  A giant cockroach (D:1)
  4 goblins (D:1)
  6 hobgoblins
  2 quokkas (D:3)
  2 ball pythons
  5 bats
  6 frilled lizards
  8 kobolds
  6 rats
70 creatures vanquished.

Notes
Turn   | Place    | Note
-------+----------+-------------------------------------------
     0 | D:1      | Kobob the Demigod Conjurer began the quest for the Orb.
     0 | D:1      | Reached XP level 1. HP: 14/14 MP: 5/5
   385 | D:1      | Reached XP level 2. HP: 20/20 MP: 1/7
   653 | D:1      | Reached skill level 4 in Conjurations
  1055 | D:2      | Reached XP level 3. HP: 26/26 MP: 3/9
  1282 | D:2      | Found a glowing golden altar of the Shining One.
  1834 | D:2      | Gained mutation: Your flesh is heat resistant. (rF+)
                  | [potion of mutation]
  1834 | D:2      | Gained mutation: You are partially covered in large bone
                  | plates. (SH +4) [potion of mutation]
  1956 | D:3      | Noticed Jessica
  2244 | D:2      | Reached XP level 4. HP: 21/33 MP: 7/11
  2462 | D:3      | Killed Jessica
  2670 | D:3      | Reached XP level 5. HP: 38/38 MP: 9/13
  2827 | D:3      | Reached skill level 5 in Conjurations
  3559 | D:4      | Found a staircase to the Ecumenical Temple.
  3881 | D:4      | Reached XP level 6. HP: 45/45 MP: 9/15
  4029 | D:3      | HP: 2/45 [poisoned by a worker ant]
  4031 | D:3      | Succumbed to a worker ant's poison

Levels and vault maps discovered:
D:1:      scummos_arrival_gate, layout_rooms
D:2:      layout_basic, lemuel_coloured_pillars_altar
D:3:      layout_rooms, first_ration, lightli_sewer_entry_pipes, uniq_jessica
D:4:      minmay_door_path, layout_basic, lemuel_crystal_altar,
          minmay_temple_entry_glass

Skill      XL: |  1  2  3  4  5 |
---------------+----------------+-----
Spellcasting   | 2 3 4 |  4.4
Conjurations   | 4 5 |  5.8
Dodging        | |  1.7
Stealth        | |  1.7

Action                   |  1- 3 |  4- 6 || total
-------------------------+-------+-------++-------
Melee: Short sword       |    12 |       ||    12
       Whip              |    16 |    15 ||    31
 Cast: Magic Dart        |    92 |   119 ||   211
  Use: Scroll            |     3 |     1 ||     4
       Potion            |     8 |     2 ||    10
  Eat: Chunk             |     4 |     3 ||     7
       Ration            |       |     1 ||     1
Armor: Robe              |    13 |     4 ||    17
Dodge: Dodged            |    19 |    22 ||    41
Block: Other             |     4 |     7 ||    11
